 Dungeon Crawl Stone Soup version 0.31-a0-1074-g0b22e4e0f1 (webtiles) character file.

Game seed: 12940634562265286084

921 grandjackal the Trooper (level 8, -15/62 HPs)
             Began as a Djinni Cinder Acolyte on Nov 29, 2023.
             Was a High Priest of Ignis.
             Demolished by a two-headed ogre
             ... wielding a +0 giant club
              (25 damage)
             ... on level 7 of the Dungeon.
             The game lasted 00:05:53 (6895 turns).

grandjackal the Trooper (Djinni Cinder Acolyte)     Turns: 6895, Time: 00:05:53

Health: -15/62     AC:  8    Str: 13    XL:     8   Next: 31%
Gold:   354        EV: 10    Int: 18    God:    Ignis [*****.] SH:  0 Dex:  9

rFire   + + +        j - +2 short sword (venom)
rCold   x . .        (no shield)
rNeg    . . .        c - +0 leather armour {rPois}
rPois   ∞            (no helmet)
rElec   .            (no cloak)
rCorr   .            h - +0 pair of gloves
SInv    .            (boots unavailable)
Will    .....        (no amulet)
Stlth   +            A - +4 ring of protection
HPRegen 0.30/turn    (no ring)
MPRegen 0.00/turn

%: infuse magic (-16 HP)
@: flying
A: sickness immunity, fire resistance 2, cold vulnerability 1, float, innate
caster, HP casting, extra vitality 1
a: Renounce Religion, Fiery Armour, Foxfire Swarm, Rising Flame


You were on level 7 of the Dungeon.
You worshipped Ignis.
Ignis was extremely pleased with you.
You visited 2 branches of the dungeon, and saw 8 of its levels.

You collected 354 gold pieces.

Inventory:

Hand Weapons
 a - a -1 spear of flaming
 f - a +0 dagger of venom
 j - a +2 short sword of venom (weapon)
 l - a +2 dagger of draining
 u - a +0 quarterstaff
Missiles
 q - 21 poisoned darts
 s - 2 throwing nets
Armour
 c - a +0 leather armour of poison resistance (worn)
 h - a +0 pair of gloves (worn)
Magical Staves
 x - a staff of earth
Jewellery
 A - a +4 ring of protection (left hand)
Wands
 v - a wand of iceblast (13)
Scrolls
 d - a scroll of noise {unknown}
 e - 2 scrolls of immolation {unknown}
 g - a scroll of fog {unknown}
 i - 7 scrolls of identify {unknown}
 k - a scroll of enchant weapon {unknown}
 n - 5 scrolls of poison {unknown}
 w - a scroll of enchant armour {unknown}
 y - a scroll of revelation {unknown}
 z - a scroll of blinking {unknown}
 B - a scroll of vulnerability {unknown}
 C - a scroll of torment {unknown}
Potions
 b - a potion of lignification
 m - 2 potions of haste {unknown}
 o - a potion of resistance {unknown}
 p - a potion of ambrosia {unknown}
 r - a potion of cancellation {unknown}
 t - a potion of heal wounds {unknown}
 D - a potion of degeneration {unknown}
 E - 2 potions of attraction {unknown}


   Skills:
 + Level 6.3 Fighting
 - Level 2.4(3.4) Polearms
 + Level 4.1(4.5) Staves
 + Level 4.4 Spellcasting
 + Level 4.4 Conjurations
 + Level 4.4 Hexes
 + Level 4.4 Summonings
 + Level 4.4 Necromancy
 + Level 4.4 Translocations
 + Level 4.4 Transmutations
 + Level 4.4 Fire Magic
 + Level 4.4 Ice Magic
 + Level 4.4 Air Magic
 + Level 4.4 Earth Magic
 + Level 4.4 Poison Magic


You knew the following spells:

 Your Spells              Type           Power      Damage    Failure   Level
a - Scorch                Fire           38%        2d6       4%          2
b - Magic Dart            Conj           76%        1d6       3%          1
c - Static Discharge      Conj/Air       38%        3-5/arc   4%          2
d - Ignite Poison         Fire/Tmut/Pois 19%        N/A       9%          3
Your spell library was empty.

Dungeon Overview and Level Annotations

Branches:
Dungeon (7/15)             Temple (1/1) D:5

Altars:
Ashenzari
Cheibriados
Dithmenos
Elyvilon
Fedhas
Makhleb
Nemelex Xobeh
Qazlal
Ru
Trog
Wu Jian
Xom
Yredelemnul
Zin
The Shining One

Annotations:
D:2 1 runed translucent door, Crazy Yiuf


Innate Abilities, Weirdness & Mutations

You are immune to sickness and miasma.
You are immune to poison.
Your flesh is very heat resistant. (rF++)
You are vulnerable to cold. (rC-)
You float through the air rather than walking.
You learn spells naturally, not from books.
Your magical power is your life essence.
You have superior vitality. (+4 MHP)


Message History

The two-headed ogre is lightly wounded.
The ufetubus hits you. The ufetubus barely misses you.
The ufetubus hits you. x2
Unknown command.
Casting: Scorch (safe; 4% risk of failure)
Confirm with . or Enter, or press ? or * to list all spells.
Flames lash the two-headed ogre.
The two-headed ogre is burned terribly!
The two-headed ogre is moderately wounded.
The ufetubus closely misses you. The ufetubus misses you.
Unknown command.
Casting: Scorch (safe; 4% risk of failure)
Confirm with . or Enter, or press ? or * to list all spells.
Flames lash the two-headed ogre.
The two-headed ogre is burned terribly!
The two-headed ogre is heavily wounded.
The ufetubus hits you. x2
The ufetubus hits you but does no damage.
The ufetubus hits you.
Casting: Scorch (safe; 4% risk of failure)
Confirm with . or Enter, or press ? or * to list all spells.
Flames lash the ufetubus.
The ufetubus is burned terribly!
You kill the ufetubus!
Unknown command.
You hit the two-headed ogre.
The two-headed ogre is heavily wounded.
The two-headed ogre closely misses you.
The two-headed ogre hits you with a +0 giant club!!
* * * LOW HITPOINT WARNING * * *
Okay, then.
Okay, then.
The two-headed ogre attacks as it pursues you!
The two-headed ogre closely misses you.
The two-headed ogre hits you with a +0 giant club.
* * * LOW HITPOINT WARNING * * *
Aiming: Iceblast
Press: ? - help, Shift-Dir - straight line The mass of ice explodes!
The iceblast engulfs the two-headed ogre!
The two-headed ogre is heavily wounded.
The two-headed ogre barely misses you.
The two-headed ogre hits you with a +0 giant club!!
You die...

... .## #.......... ...
..# ##.......... ###$# #.#
##........... #.....#.#
#............ #.....#.#
##............ ........#
##............. #...>.#.#
##....##........ #....
#.###...#####....... ###.
#.O@....###.........
..........................
...##...#.................
. #..###................
#... ##.............#.
#..# ##...........#.. #...
##........##... #..#
...####..# .. #...# ...


You could see a two-headed ogre (combustible).

Vanquished Creatures
  A sky beast (D:6)
  An ogre (D:6)
  A bullfrog (D:6)
  3 scorpions
  3 hounds
  Jessica (D:2)
  3 orc wizards
  5 iguanas
  A gnoll (D:4)
  7 adders
  4 white imps
  3 ufetubi
  A worm (D:4)
  3 dart slugs
  5 orcs
  A ball python (D:4)
  4 endoplasms
  4 giant cockroaches
  4 hobgoblins
  7 kobolds
  4 quokkas
  A frilled lizard (D:2)
  9 goblins
  4 rats
80 creatures vanquished.

Vanquished Creatures (others)
  15 foxfires (D:6)
15 creatures vanquished.

Grand Total: 95 creatures vanquished

Notes
Turn   | Place    | Note
-------+----------+-------------------------------------------
     0 | D:1      | grandjackal the Djinni Cinder Acolyte began the quest for
                  | the Orb.
     0 | D:1      | grandjackal set off with the following spells memorised:
                  | Scorch.
     0 | D:1      | Reached XP level 1. HP: 20/20 MP: 0/0
    88 | D:1      | Found a faded altar of an unknown god.
   344 | D:1      | Reached XP level 2. HP: 21/25 MP: 0/0
   926 | D:2      | Reached XP level 3. HP: 28/30 MP: 0/0
   926 | D:2      | Learned a level 1 spell: Magic Dart
   991 | D:2      | Noticed Jessica
   994 | D:2      | Killed Jessica
  1052 | D:2      | Reached XP level 4. HP: 35/37 MP: 0/0
  1155 | D:2      | Reached skill level 4 in Fighting
  1206 | D:2      | Found a runed translucent door.
  1207 | D:2      | Noticed Crazy Yiuf
  2559 | D:5      | Entered Level 5 of the Dungeon
  2568 | D:5      | Reached XP level 5. HP: 8/41 MP: 0/0
  2568 | D:5      | Learned a level 2 spell: Static Discharge
  2720 | D:5      | Reached skill level 1 in Staves
  2847 | D:4      | Found a snail-covered altar of Cheibriados.
  3024 | D:4      | Found a glowing golden altar of the Shining One.
  3100 | D:4      | Reached XP level 6. HP: 45/48 MP: 0/0
  3150 | D:4      | Found a basalt altar of Yredelemnul.
  3460 | D:4      | Found a shadowy altar of Dithmenos.
  3579 | D:5      | Reached skill level 5 in Fighting
  3931 | D:5      | Identified the +5 ring mail of Igijuhin {*Corrode rElec
                  | Str-2 Dex+3}
  3944 | D:5      | Reached XP level 7. HP: 40/54 MP: 0/0
  3944 | D:5      | Learned a level 3 spell: Ignite Poison
  4095 | D:5      | Found a staircase to the Ecumenical Temple.
  4100 | Temple   | Entered the Ecumenical Temple
  5152 | D:6      | Found a broken altar of Ashenzari.
  6134 | D:6      | Reached skill level 6 in Fighting
  6134 | D:6      | Reached XP level 8. HP: 61/61 MP: 0/0
  6299 | D:6      | Found an ornate altar of the Wu Jian Council.
  6883 | D:7      | Noticed a two-headed ogre
  6895 | D:7      | Demolished by a two-headed ogre

Illustrated notes

Levels and vault maps discovered:
D:1:      elethiomel_arrival_quiet, layout_loops_cross,
          ebering_ecumenical_altar_hall
D:2:      layout_loops_ring, uniq_jessica, uniq_crazy_yiuf_cottage
D:3:      layout_basic
D:4:      layout_basic, cheibrodos_worm_habitat,
          mainiacjoe_overflow_six_doors_small, lemuel_round_altar,
          mainiacjoe_overflow_alcove_1, cheibrodos_gnoll_hut
D:5:      layout_basic, minmay_temple_entry_nine_rooms
D:6:      layout_layer_cave, mainiacjoe_overflow_catwalk,
          nzn_wu_jian_council_hall
D:7:      layout_layer_cave, st_stairs_3
Temple:   nicolae_temple_two_arcs

Skill      XL: |  1  2  3  4  5  6  7  8 |
---------------+-------------------------+-----
Spellcasting   | 3 4 |  4.4
Conjurations   | 3 4 |  4.4
Hexes          | 3 4 |  4.4
Summonings     | 3 4 |  4.4
Necromancy     | 3 4 |  4.4
Translocations | 3 4 |  4.4
Transmutations | 3 4 |  4.4
Fire Magic     | 3 4 |  4.4
Ice Magic      | 3 4 |  4.4
Air Magic      | 3 4 |  4.4
Earth Magic    | 3 4 |  4.4
Poison Magic   | 3 4 |  4.4
Fighting       | 4 5 6 |  6.3
Staves         | 1 2 3 4 |  4.1
Polearms       | |  2.4

Action                     |  1- 3 |  4- 6 |  7- 9 || total
---------------------------+-------+-------+-------++-------
  Melee: Spear             |    38 |       |       ||    38
         Dagger            |    11 |       |       ||    11
         Short sword       |    13 |   132 |    88 ||   233
         Punch             |       |       |     1 ||     1
   Cast: Scorch            |       |     8 |    30 ||    38
 Invoke: Foxfire Swarm     |       |       |     1 ||     1
  Evoke: Wand              |       |       |     1 ||     1
    Use: Potion            |       |     1 |       ||     1
   Stab: Sleeping          |     1 |       |       ||     1
 Armour: Leather armour    |    26 |    67 |    83 ||   176
         Skin              |       |    10 |       ||    10
  Dodge: Dodged            |    16 |    75 |    61 ||   152

Table legend: (Time is in decaauts)
 A = Elapsed time spent in this place.
 B = Non-inter-level travel time spent in this place.
 C = Inter-level travel time spent in this place.
 D = Time resting spent in this place.
 E = Time spent auto-exploring this place.
 F = Levels seen in this place.
 G = Mean time per level.
                   A        B        C        D        E       F      G
               +--------+--------+--------+--------+--------+-----+--------+
         Total |   6893 |   6623 |    270 |   1078 |   4780 |   8 |  861.6 |
       Dungeon |   6867 |   6597 |    270 |   1078 |   4780 |   7 |  981.0 |
        Temple |     25 |     25 |      0 |      0 |      0 |   1 |   25.0 |
               +--------+--------+--------+--------+--------+-----+--------+

Top non-repeatable levels by time:
     D:5: 1892 daAuts
     D:6: 1420 daAuts
     D:3: 1021 daAuts
     D:4: 893 daAuts
     D:2: 787 daAuts
     D:1: 679 daAuts
     D:7: 172 daAuts
  Temple: 25 daAuts
